 Dungeon Crawl Stone Soup version 0.27.1-33-g824d729ab1 (webtiles) character file.

Game seed: 14945654837540432550

78 halfoni the Chopper (level 4, -1/35 HPs)
             Began as a Human Berserker on Dec 13, 2021.
             Was a Believer of Trog.
             Succumbed to Crazy Yiuf's poison
             ... on level 2 of the Dungeon.
             The game lasted 00:02:23 (1611 turns).

halfoni the Chopper (Human Berserker)               Turns: 1611, Time: 00:02:23

Health: -1/35      AC: 11    Str: 18    XL:     4   Next: 61%
Magic:  4/4        EV:  8    Int:  8    God:    Trog [**....]
Gold:   58         SH:  0    Dex: 12    Spells: 3/3 levels left

rFire    + . .     SeeInvis .   a - +0 hand axe
rCold    . . .     Faith    .   (no shield)
rNeg     . . .     Spirit   .   b - +2 chain mail {rF+}
rPois    .         Reflect  .   (no helmet)
rElec    .         Harm     .   (no cloak)
rCorr    .         Rampage  .   (no gloves)
Will     .....                  (no boots)
Stlth    ..........             (no amulet)
HPRegen  0.11/turn              (no ring)
MPRegen  0.09/turn              (no ring)

@: lethally poisoned (-1 -> -9), on berserk cooldown, slowed, very slow
A: no striking features
a: Renounce Religion, Berserk, Trog's Hand


You were on level 2 of the Dungeon.
You worshipped Trog.
Trog was pleased with you.
You visited 1 branch of the dungeon, and saw 2 of its levels.

You collected 58 gold pieces.

Inventory:

Hand Weapons
 a - a +0 hand axe (weapon)
 g - a +2 quarterstaff of chaos
Armour
 b - a +2 chain mail of fire resistance (worn)
 h - a +0 cloak of poison resistance
Scrolls
 d - a scroll of magic mapping {unknown}
 f - a scroll of fear {unknown}
Potions
 c - a potion of invisibility {unknown}
 e - a potion of curing {unknown}


   Skills:
 + Level 3.5 Fighting
 + Level 3.7 Axes
 * Level 2.9 Armour
 * Level 2.5 Dodging


You had 3 spell levels left.
You didn't know any spells.
Your spell library was empty.

Dungeon Overview and Level Annotations

Branches:
Dungeon (2/15)

Altars:


Message History

A red film seems to cover your vision as you go berserk!
You feel yourself moving faster!
You feel mighty!
Crazy Yiuf hits you with a +2 quarterstaff of chaos!
You barely miss Crazy Yiuf. You slash Crazy Yiuf!
Crazy Yiuf is heavily wounded.
Crazy Yiuf hits you with a +2 quarterstaff of chaos!
Crazy Yiuf burns you.
You slash Crazy Yiuf!
Crazy Yiuf is almost dead.
Crazy Yiuf hits you with a +2 quarterstaff of chaos.
You are poisoned.
You barely miss Crazy Yiuf.
Crazy Yiuf is severely wounded.
You feel very sick.
Crazy Yiuf hits you with a +2 quarterstaff of chaos!
* * * LOW HITPOINT WARNING * * *
Crazy Yiuf burns you.
* * * LOW HITPOINT WARNING * * *
You are too injured to fight recklessly!
You are too injured to fight recklessly!
You are too injured to fight recklessly!
You slash Crazy Yiuf!
You kill Crazy Yiuf!
Trog accepts your kill.
* * * LOW HITPOINT WARNING * * *
You feel sick.
* * * LOW HITPOINT WARNING * * *
You feel sick.
There is an open translucent door, spattered with blood here.
Things that are here:
a +2 quarterstaff of chaos; a +0 cloak of poison resistance
g - a +2 quarterstaff of chaos;
h - a +0 cloak of poison resistance You feel a strong urge to attack something.
* * * LOW HITPOINT WARNING * * *
You feel sick.
You are no longer berserk.
You are exhausted.
You feel yourself slow down.
You die...

##..##..###.##
##...............
##.###.## #..##
#..##...##.......
.....#.# ##..#
#.###.#####......
....(.## #### ###
###.......... .....##
#..#####.... ###.##
#### #.... #..###♣♣
##### ##### ##...#.♣♣
♣♣#..)# #
#......♣♣♣♣.'@..# #
##......♣..♣#...#
###### ##.#..♣.♣♣♣#####
#######..... ###♣♣♣♣♣
#.......#### #######
####...##### ....#.#
############# ###....#.
......#
#.......>...#######....
......#
#.......#.#...##.......
..)...#
####.####.##.....#...##


There were no monsters in sight!

Vanquished Creatures
  Crazy Yiuf (D:2)
  An adder (D:2)
  An adder skeleton (D:2)
  3 dart slugs
  4 bats
  5 endoplasms
  3 goblins
  2 hobgoblins
  A quokka (D:1)
  7 ball pythons (D:1)
  2 frilled lizards
  2 kobolds
  A rat (D:1)
33 creatures vanquished.

Notes
Turn   | Place    | Note
-------+----------+-------------------------------------------
     0 | D:1      | halfoni the Human Berserker began the quest for the Orb.
     0 | D:1      | Reached XP level 1. HP: 18/18 MP: 1/1
   156 | D:1      | Reached XP level 2. HP: 21/24 MP: 2/2
   594 | D:1      | Reached XP level 3. HP: 29/29 MP: 3/3
  1389 | D:2      | Reached ** piety under Trog
  1390 | D:2      | Reached XP level 4. HP: 31/35 MP: 4/4
  1455 | D:2      | Found a runed translucent door.
  1456 | D:2      | Noticed Crazy Yiuf
  1608 | D:2      | Killed Crazy Yiuf
  1610 | D:2      | HP: 2/52 [poisoned by Crazy Yiuf]
  1611 | D:2      | Succumbed to Crazy Yiuf's poison

Illustrated notes

Levels and vault maps discovered:
D:1:      eino_arrival_cavern_a, layout_rooms, grunt_decor_junction
D:2:      layout_rooms, uniq_crazy_yiuf_cottage

Action                   |  1- 3 |  4- 6 || total
-------------------------+-------+-------++-------
Melee: Hand axe          |    86 |     9 ||    95
Invok: Berserk           |     1 |     1 ||     2
Armor: Ring mail         |     9 |       ||     9
       Chain mail        |    57 |     2 ||    59
Dodge: Dodged            |    39 |     1 ||    40
